 Dungeon Crawl Stone Soup version 0.28.0-53-g5a82cb258f (webtiles) character file.

Game seed: 4270080452935546967

21 Sin92 the Chiller (level 2, 0/20 HPs)
             Began as a Demonspawn Ice Elementalist on July 19, 2022.
             Slain by a hobgoblin (3 damage)
             ... on level 2 of the Dungeon.
             The game lasted 00:02:10 (2124 turns).

Sin92 the Chiller (Demonspawn Ice Elementalist)     Turns: 2124, Time: 00:02:11

Health: 0/20       AC:  2    Str:  8    XL:     2   Next: 62%
Magic:  0/5        EV: 12    Int: 16    God:
Gold:   52         SH:  4    Dex: 13    Spells: 4/5 levels left

rFire   . . .      SeeInvis .   (no weapon)
rCold   . . .      Faith    .   (no shield)
rNeg    . . .      Spirit   .   a - +0 robe
rPois   .          Reflect  .   (no helmet)
rElec   .          Harm     .   (no cloak)
rCorr   .          Rampage  .   (no gloves)
Will    .....                   (no boots)
Stlth   ++........              (no amulet)
HPRegen 0.06/turn               (no ring)
MPRegen 0.09/turn               (no ring)

@: no status effects
A: condensation shield
a: no special abilities


You were on level 2 of the Dungeon.
You visited 1 branch of the dungeon, and saw 2 of its levels.

You collected 52 gold pieces.

Inventory:

Armour
 a - a +0 robe (worn)
Scrolls
 c - 2 scrolls of identify
 h - a scroll of vulnerability {unknown}
Potions
 d - a potion of might {unknown}
 e - 4 potions of curing {unknown}
 f - a potion of haste {unknown}
 g - 2 potions of lignification {unknown}


   Skills:
 + Level 0.7 Fighting
 + Level 0.0 Armour
 + Level 2.0 Dodging
 + Level 2.0 Stealth
 * Level 2.3 Spellcasting
 + Level 3.7 Ice Magic


You had 4 spell levels left.
You knew the following spells:

 Your Spells              Type           Power      Damage    Failure   Level
a - Freeze                Ice            52%        1d7       4%          1

Your spell library contained the following spells:

 Spells                   Type           Power      Damage    Failure   Level
 Frozen Ramparts          Ice            26%        1d4       13%         3
 Ozocubu's Armour         Ice            13%        N/A       13%         3
 Hailstorm                Conj/Ice       7%         3d4       67%         4


Dungeon Overview and Level Annotations

Branches:
Dungeon (2/15)

Altars:

Shops:
D:2 [


Innate Abilities, Weirdness & Mutations

A meltable shield of frost defends you. (SH +4)


Message History

The hobgoblin barely misses you. The hobgoblin hits you.
* * * LOW HITPOINT WARNING * * *
Aiming: Freeze (safe; 4% risk of failure)
Press: ? - help, Q - select action Shift-Dir - straight line, f/p - hobgoblin
Aim: a hobgoblin (almost dead)
You freeze the hobgoblin.
You kill the hobgoblin!
The hobgoblin barely misses you.
Aiming: Freeze (safe; 4% risk of failure)
Press: ? - help, Q - select action Shift-Dir - straight line, f - worm
Aim: a worm You freeze the worm!
The worm is moderately wounded.
The hobgoblin completely misses you.
Aiming: Freeze (safe; 4% risk of failure)
Press: ? - help, Q - select action Shift-Dir - straight line, f/p - worm
Aim: a worm (moderately wounded)
You freeze the worm.
The worm is heavily wounded.
The worm closely misses you. The hobgoblin hits you.
* * * LOW HITPOINT WARNING * * *
As you read the scroll labelled LEMODA MUHOCVO, it crumbles to dust.
It is a scroll of identify.
b - a scroll of summoning You block the hobgoblin's attack.
As you read the scroll of summoning, it crumbles to dust.
Wisps of shadow whirl around you... The worm bites you.
* * * LOW HITPOINT WARNING * * *
The hobgoblin barely misses you.
Unknown command.
You hit the hobgoblin but do no damage.
Your ball python barely misses the worm. x2
The hobgoblin misses you.
Your rat barely misses the hobgoblin.
Your goblin barely misses the worm.
You hit the hobgoblin but do no damage. The worm misses you.
Your ball python bites the worm.
Your ball python grabs the worm.
Your ball python constricts the worm.
Your rat bites the hobgoblin.
Your goblin hits the worm with a +2 dagger of holy wrath.
The hobgoblin hits you.
You die...

###### #####....
.......# .......#
.......########
#.S.g........#
#.#w###......#
####. #@##....(..#
#...
#g##.......###.###
#.r....<..........
####.........##.##
..................
######.#.....#.##.
#.#..#...<...
#.#..#.......
..#..........


You could see a worm (ally target), a hobgoblin (ally target), a friendly goblin
(summoned), a friendly ball python (summoned) and a friendly rat (summoned).

Vanquished Creatures
  A dart slug (D:1)
  A bat (D:1)
  3 endoplasms
  3 giant cockroaches (D:1)
  3 hobgoblins
  2 quokkas (D:1)
  A frilled lizard (D:1)
  A rat (D:1)
15 creatures vanquished.

Notes
Turn   | Place    | Note
-------+----------+-------------------------------------------
     0 | D:1      | Sin92 the Demonspawn Ice Elementalist began the quest for
                  | the Orb.
     0 | D:1      | Reached XP level 1. HP: 13/13 MP: 3/3
   791 | D:1      | Gained mutation: A meltable shield of frost defends you.
                  | (SH +4) [demonic ancestry]
   791 | D:1      | Reached XP level 2. HP: 12/20 MP: 1/5
  2060 | D:2      | Found Ruaneicy's Antique Armour Shop.
  2124 | D:2      | Slain by a hobgoblin

Illustrated notes

Levels and vault maps discovered:
D:1:      minmay_arrival_solitary_statue, layout_basic
D:2:      layout_basic, serial_shops, shop

Skill      XL: |  1  2 |
---------------+-------+-----
Stealth        | 2 |  2.0
Dodging        | 2 |  2.0
Fighting       | |  0.7
Spellcasting   | |  2.3
Ice Magic      | |  3.7

Action                   || total
-------------------------++-------
Melee: Unarmed           ||    59
 Cast: Freeze            ||    25
  Use: Scroll            ||     2
 Stab: Sleeping          ||     2
Armor: Robe              ||    12
Dodge: Dodged            ||    41
Block: Other             ||     3
